Map: Invasor ER

Players

wizardgamer

  • Race: Zerg Zerg
  • League: Master

TheZergLord - Winner!

  • Race: Zerg Zerg
  • League: Grandmaster

VOD

Have the link to the VOD?

Description

Time

  • Played on: May 27, 2016, 12:50 p.m.
  • Length: 15:44
Show
View Real Time Build Order
Export as new Build Order

wizardgamer Zerg 

Build Orders: Hatch First, Lurkers 

Get SALT Encoding   

  12  0:01  Drone  
  13  0:16  Overlord  
  13  0:21  Drone  
  14  0:35  Drone x2  
  16  0:50  Hatchery  
  16  0:53  Drone  
  16  0:56  Drone  
  17  1:02  Drone  
  18  1:05  Extractor  
  18  1:10  Drone  
  18  1:21  Spawning Pool  
  18  1:24  Drone  
  18  1:31  Drone  
  19  1:45  Drone  
  20  1:56  Overlord  
  20  2:08  Queen x2  
  24  2:09  Zergling x4  
  26  2:20  Drone x2, Metabolic Boost  
  28  2:26  Drone  
  28  2:28  Drone  
  30  2:31  Baneling Nest  
  29  2:43  Drone x2  
  31  2:54  Drone  
  31  2:55  Drone  
  33  3:01  Drone x2  
  33  3:03  Hatchery  
  34  3:07  Overlord  
  33  3:29  Drone x4  
  33  3:30  Drone x3  
  39  3:39  Lair  
  39  3:41  Overlord x2  
  40  3:48  Zergling x2  
  40  3:49  Extractor  
  40  3:50  Extractor  
  40  3:51  Zergling x2  
  40  3:52  Zergling x4  
  40  3:54  Zergling x2  
  42  4:01  Zergling x2  
  43  4:12  Baneling  
  43  4:13  Baneling  
  43  4:18  Queen, Drone x7  
  52  4:37  Drone x2  
  52  4:38  Drone x2  
  56  4:40  Extractor  
  56  4:41  Spire  
  56  4:44  Drone, Extractor  
  54  4:46  Drone x6  
  60  4:55  Extractor  
  60  4:56  Overlord x2  
  57  5:07  Drone x2  
  57  5:08  Drone  
  60  5:23  Drone x4  
  60  5:24  Drone x3  
  60  5:28  Hydralisk Den  
  66  5:29  Zergling x12  
  72  5:36  Zergling x2  
  73  5:42  Overlord  
  73  5:43  Overlord  
  73  5:59  Mutalisk x4  
  73  6:02  Mutalisk x5  
  91  6:05  Mutalisk  
  91  6:09  Mutalisk  
  94  6:16  Zerg Flyer Weapons Level 1  
  93  6:24  Lurker Den  
  91  6:29  Zergling x2  
  91  6:30  Zergling x12  
  93  7:02  Overlord x3  
  93  7:08  Hatchery  
  91  7:18  Queen, Evolution Chamber  
  91  7:19  Queen  
  91  7:20  Hatchery  
  93  7:28  Drone x4  
  93  7:29  Drone x7  
  104  7:31  Overlord  
  104  7:40  Overlord  
  104  7:41  Overlord  
  104  7:42  Overlord  
  101  8:07  Hydralisk x2, Zerg Missile Weapons Level 1  
  101  8:08  Hydralisk x4  
  113  8:22  Overseer  
  113  8:23  Hydralisk x4  
  121  8:27  Roach Warren  
  121  8:29  Drone x2  
  121  8:30  Drone x2  
  121  8:32  Queen  
  121  8:33  Queen  
  128  8:39  Lurker x5  
  133  8:47  Overseer  
  133  8:48  Pneumatized Carapace  
  133  8:56  Infestation Pit  
  133  8:59  Drone x6, Extractor  
  133  9:00  Hydralisk  
  133  9:01  Extractor  
  139  9:02  Lurker  
  139  9:03  Lurker x3  
  139  9:05  Lurker  
  143  9:20  Roach  
  143  9:21  Roach x7  
  143  9:23  Overlord x2  
  159  9:25  Overlord  
  159  9:57  Hive  
  159  10:02  Drone x3  
  159  10:03  Drone x2, Overlord x2  
  159  10:04  Overlord  
  159  10:05  Roach  
  159  10:06  Roach x9  
  184  10:12  Zerg Flyer Weapons Level 2  
  184  10:13  Zerg Missile Weapons Level 2  
  184  10:14  Overlord x3  
  184  10:15  Overlord x2  
  184  10:24  Lurker  
  184  10:28  Mutalisk x5  
  195  10:52  Hydralisk x2  
  194  11:19  Ultralisk Cavern, Evolution Chamber  
  186  11:26  Mutalisk x7  
  185  12:28  Roach x12  
  185  12:29  Roach x3  
  197  12:36  Chitinous Plating, Zerg Ground Armor Level 1  
  177  12:38  Zerg Melee Weapons Level 1  
  169  12:58  Hatchery  
  168  13:00  Hatchery  
  167  13:13  Ultralisk  
  167  13:14  Ultralisk x4  
  193  13:45  Ultralisk  
  193  13:46  Ultralisk x4  
  193  13:47  Zergling x2  
  193  13:48  Zergling x8  
  147  14:01  Zergling x2  
  147  14:02  Zergling x8  
  122  14:40  Ultralisk  
  122  14:41  Ultralisk  
  134  14:50  Zergling x2  
  134  14:51  Zergling x20  
  134  14:55  Zergling x2  
  134  14:59  Queen  
  122  15:14  Zergling x4  
  122  15:15  Zergling x2  
  122  15:18  Zergling x6  
Show
View Real Time Build Order
Export as new Build Order

TheZergLord Zerg - Winner!

Build Orders: Hatch First 

Get SALT Encoding   

  12  0:01  Drone  
  13  0:13  Overlord  
  13  0:18  Drone  
  14  0:32  Drone x2  
  16  0:36  Drone  
  17  0:54  Hatchery  
  16  0:57  Drone  
  17  1:12  Spawning Pool  
  17  1:14  Extractor  
  17  1:17  Drone  
  16  1:19  Drone  
  16  1:24  Drone  
  18  1:30  Drone  
  19  1:40  Overlord  
  19  1:51  Drone  
  20  2:01  Queen  
  20  2:02  Zergling x2  
  20  2:06  Queen, Drone  
  26  2:13  Drone  
  27  2:16  Metabolic Boost  
  27  2:17  Drone  
  28  2:23  Drone  
  29  2:31  Drone  
  30  2:45  Drone  
  30  2:47  Drone x2, Baneling Nest  
  32  3:01  Overlord  
  32  3:03  Zergling x4  
  32  3:05  Hatchery  
  33  3:10  Drone  
  29  3:37  Drone x2  
  29  3:41  Baneling x2  
  31  3:44  Drone x2  
  31  3:45  Drone x4  
  31  3:47  Roach Warren  
  36  3:49  Extractor  
  36  3:54  Zergling x2  
  36  3:57  Overlord  
  36  3:59  Queen  
  36  4:01  Drone x2  
  40  4:06  Drone x3  
  43  4:15  Drone  
  43  4:16  Drone x2  
  46  4:22  Drone x3, Extractor  
  47  4:26  Overlord  
  47  4:29  Roach x2  
  51  4:35  Roach x3  
  57  4:45  Roach x2  
  61  4:48  Overlord x2  
  61  4:53  Roach  
  61  4:54  Roach  
  61  4:57  Overlord x2  
  65  5:05  Overlord x2  
  65  5:10  Roach x2  
  65  5:11  Roach  
  71  5:16  Drone x2  
  71  5:19  Roach x2  
  77  5:24  Overlord  
  77  5:26  Drone x2  
  79  5:31  Ravager  
  79  5:33  Ravager  
  81  5:37  Drone x2  
  81  5:38  Drone x4  
  87  5:44  Drone x2  
  87  5:49  Evolution Chamber, Lair  
  88  5:51  Drone  
  89  5:57  Drone x4  
  93  6:04  Baneling  
  93  6:05  Baneling  
  93  6:08  Drone x6  
  99  6:12  Extractor  
  99  6:14  Extractor, Roach  
  99  6:15  Roach x2  
  103  6:28  Queen x2  
  103  6:29  Spore Crawler  
  103  6:31  Spore Crawler  
  102  6:33  Spore Crawler x2  
  102  6:35  Spore Crawler  
  102  6:37  Spore Crawler  
  102  6:39  Spore Crawler  
  91  6:50  Spore Crawler  
  91  6:53  Roach x2  
  91  6:54  Roach x5  
  82  6:55  Spore Crawler  
  82  6:57  Queen  
  82  7:00  Zerg Melee Weapons Level 1  
  83  7:03  Infestation Pit  
  76  7:26  Queen x2  
  76  7:28  Drone x14  
  94  7:39  Evolution Chamber  
  94  7:43  Extractor  
  94  7:47  Drone  
  94  7:51  Hive  
  88  8:04  Infestor x3  
  94  8:09  Queen x2  
  98  8:17  Zerg Ground Armor Level 1  
  96  8:33  Zergling x2  
  96  8:34  Zergling x18  
  106  8:37  Overlord x2  
  106  8:52  Hatchery  
  106  8:54  Queen x2  
  109  8:57  Drone x3  
  109  8:58  Drone x3  
  109  9:00  Overseer  
  115  9:04  Zerg Melee Weapons Level 2  
  115  9:06  Ultralisk Cavern  
  114  9:11  Queen  
  114  9:14  Overlord x3  
  116  9:17  Overlord  
  116  9:18  Overlord x3  
  115  9:56  Chitinous Plating  
  115  9:58  Ultralisk x5  
  145  10:01  Drone x2  
  147  10:14  Zerg Ground Armor Level 2  
  147  10:18  Hatchery  
  146  10:22  Ultralisk  
  146  10:25  Ravager  
  146  10:26  Ravager x3  
  156  10:40  Adrenal Glands  
  156  10:42  Zergling x4  
  158  10:43  Zergling x18  
  167  10:52  Drone  
  168  11:03  Hatchery  
  167  11:13  Overlord x2  
  167  11:25  Overlord x2  
  167  11:26  Overlord  
  163  11:50  Overseer x2  
  163  11:52  Zerg Melee Weapons Level 3  
  105  12:36  Ultralisk x5  
  105  12:37  Zergling x20, Ultralisk x2  
  145  12:53  Ultralisk x2  
  157  13:02  Zergling x6, Ultralisk  
  166  13:16  Ultralisk  
  172  13:25  Spore Crawler  
  171  13:28  Spore Crawler  
  147  14:01  Ultralisk x4  
  147  14:02  Zergling x6  
  170  14:03  Zergling x8  
  174  14:29  Zergling x2  
  181  14:31  Ultralisk  
  181  14:46  Hatchery  
  181  14:50  Zergling x2, Ultralisk  
  181  14:51  Zergling x14  
Tags
 
Add a new tag
Caveats
  • Supply blocks, unpowered buildings, or Contaminate may cause inaccurate times.
  • Supply counts are checked every 10 seconds.